 Dungeon Crawl Stone Soup version 0.21.0-3-g78d12a8 (webtiles) character file.

8728 letownia2 the Grappler (level 11, -1/103 HPs)
             Began as a Gargoyle Fighter on Jan 9, 2018.
             Was an Initiate of Gozag.
             Shot with a bolt by an orc warrior (9 damage)
             ... in a bailey.
             The game lasted 00:22:56 (9668 turns).

letownia2 the Grappler (Gargoyle Fighter)           Turns: 9668, Time: 00:22:57

Health: -1/103     AC: 25    Str: 19    XL:     11   Next: 35%
Magic:  12/12      EV:  2    Int: 13    God:    Gozag
Gold:   254        SH:  0    Dex: 12    Spells: 10/10 levels left

rFire    . . .     SeeInvis .   V - +0 arbalest
rCold    + . .     Gourm    .   (shield currently unavailable)
rNeg     + + +     Faith    .   (armour currently unavailable)
rPois    ∞         Spirit   .   (helmet currently unavailable)
rElec    .         Reflect  .   (cloak currently unavailable)
rCorr    .         Harm     +   (gloves currently unavailable)
MR       .....     NoTele   +   (boots currently unavailable)
Stlth    +.........             n - amulet of harm
HPRegen  0.27/turn              m - +3 ring of dexterity
MPRegen  0.13/turn              R - ring of protection from cold

@: tree-form (expiring), very slow
A: negative energy resistance 1, petrification resistance, rot immunity, AC +8
a: Potion Petition, Call Merchant, Bribe Branch, Renounce Religion


You were in a bailey.
You worshipped Gozag.
Gozag was aware of your devotion.
You were not hungry.
You were a tree.
You visited 2 branches of the dungeon, and saw 10 of its levels.
You also visited: Sewer and Bailey.

You collected 1961 gold pieces.
You spent 28 gold pieces at shops.
You paid 1679 gold pieces to Gozag.

Inventory:

Hand Weapons
 b - the +0 hand axe of the Lesser Evil {venom, Int+3}
   (You found it on level 4 of the Dungeon)

   It poisons the flesh of those it strikes.
   It affects your intelligence (+3).
 J - a +3 scythe of holy wrath
 V - a +0 arbalest (weapon)
Missiles
 N - 7 curare-tipped needles
 U - 84 bolts (quivered)
Armour
 a - a +0 scale mail
 k - a +0 ring mail
 p - a +0 helmet (melded)
 t - a +0 shield
 y - a +1 pair of boots (melded)
 B - a +10 plate armour of ponderousness (melded)
 I - a +1 pair of gloves (melded)
 L - a +2 cloak (melded)
Magical Staves
 S - an uncursed staff of death
Jewellery
 m - a +3 ring of dexterity (left branch)
 n - an amulet of harm (around neck)
 C - an uncursed ring of fire
 R - a ring of protection from cold (right branch)
Wands
 g - a wand of paralysis (7)
 D - a wand of iceblast (13)
 E - a wand of flame (14)
Scrolls
 e - 6 scrolls of teleportation
 h - a scroll of amnesia
 i - 6 scrolls of identify
 j - 3 scrolls of noise {unknown}
 r - 6 scrolls of remove curse
 A - a scroll of magic mapping {unknown}
 G - a scroll of fear {unknown}
 H - a scroll of immolation {unknown}
 K - a scroll of enchant weapon {unknown}
 M - 2 scrolls of random uselessness {unknown}
 O - a scroll of blinking {unknown}
 Q - a scroll of fog {unknown}
 T - a scroll of torment {unknown}
Potions
 c - 3 potions of might
 f - 3 potions of brilliance {unknown}
 l - 3 potions of mutation {unknown}
 q - a potion of berserk rage
 s - 4 potions of lignification
 v - a potion of agility
 w - 4 potions of heal wounds {unknown}
 x - a potion of flight
 z - a potion of degeneration {unknown}
 F - a potion of curing
 P - a potion of magic {unknown}
Books
 u - the Collected Works on Dislocated Intoxication
   (You found it on level 6 of the Dungeon)

   Spells                             Type                      Level
   a - Poisonous Vapours              Poison/Air                   2
   b - Portal Projectile              Hexes/Translocation          3
   c - Lesser Beckoning               Translocation                3
   d - Spider Form                    Transmutation/Poison         3
   e - Force Lance                    Conjuration/Translocation    4
   f - Summon Forest                  Summoning/Translocation      5
Miscellaneous
 o - a sack of spiders
Comestibles
 d - 14 rations


   Skills:
 - Level 8.7 Fighting
 + Level 6.2 Armour
 - Level 4.4 Dodging
 - Level 3.2 Shields
 - Level 13.4 Unarmed Combat
 - Level 1.3 Evocations


You had 10 spell levels left.
You didn't know any spells.

Dungeon Overview and Level Annotations

Branches:
Dungeon (9/15)             Temple (1/1) D:4
   Lair: D:8-11         Orc: D:9-12

Altars:
Cheibriados
Dithmenos
Elyvilon
Fedhas
Gozag
Kikubaaqudgha
Makhleb
Nemelex Xobeh
Okawaru
Qazlal
Ru
Uskayaw
Wu Jian
Xom
Yredelemnul
The Shining One

Shops:
D:9 *[

Annotations:
D:8 Gastronok


Innate Abilities, Weirdness & Mutations

You are resistant to torment.
((Your stone body is resilient. (AC +8)))
You are immune to poison.
You resist negative energy. (rN+)
((You are resistant to electric shocks. (rElec)))
((You can survive without breathing.))
You are immune to petrification.
You are immune to rotting.


Message History

Press: ? - help, Dir - move target cursor, f - orc warrior
Aim: an orc warrior, wielding an arbalest and wearing a scale mail (paralysed) Attack!
Your transformation is almost over.
Your worker ant bites the orc warrior. x2
Your worker ant splashes around in the water.
Your worker ant bites the orc warrior.
Your worker ant bites the orc warrior.
The orc warrior is poisoned.
Your worker ant poisons the orc warrior!
Your worker ant bites the orc warrior.
Your worker ant splashes around in the water.
Your worker ant bites the orc warrior. x2; The orc warrior looks even sicker.
Your worker ant poisons the orc warrior!
Your worker ant bites the orc warrior but does no damage. x2
The orc warrior is no longer paralysed.
Your worker ant closely misses the orc warrior.
The orc warrior shoots a bolt.
The bolt barely misses your worker ant. The bolt hits you!
You die...
Your body crumbles into a pile of gold.

≈≈≈ #≈≈≈≈≈≈≈. ≈≈≈ #≈≈≈≈≈≈≈. ≈≈≈≈
##≈≈≈≈≈≈≈. ≈≈≈≈≈ #≈≈≈≈≈≈≈[)
≈≈≈≈≈# ##≈≈≈≈≈≈≈≈. ≈≈≈oa≈#
##≈≈≈≈≈≈≈≈≈. ...≈ ≈≈≈≈≈a≈$####
####≈≈≈≈≈≈≈≈≈≈.
...≈≈#.#≈≈≈≈≈((≈###≈≈≈≈≈≈≈≈#.#≈≈.
...≈##.∩#≈≈≈≈≈≈$♣(≈≈≈((≈≈≈#∩.##≈.
...≈..^..≈≈≈≈≈≈≈$≈≈≈≈≈≈≈≈≈..^..≈.
...≈##.##≈≈≈≈≈≈≈≈≈≈(≈≈≈≈≈≈##.##≈)
...≈≈#o#≈≈≈≈≈$≈≈≈≈≈≈≈≈(≈≈≈≈#.#≈≈.
...≈≈≈≈≈≈≈≈≈≈≈≈≈≈≈≈≈≈≈≈≈≈≈≈≈≈≈≈≈.
.................................
.................................
.................................
.................................


You could see an orc warrior and 2 friendly worker ants.

Vanquished Creatures
  The ghost of tidbits the Covert, a novice OpAK of Lugonu (D:8)
  Pikel (D:5)
  Psyche (D:8)
  A hornet (D:8)
  Prince Ribbit (D:7)
  Sigmund (D:2)
  A spriggan (D:8)
  A wraith (D:7)
  3 yaks (D:8)
  Grum (D:7)
  Menkaure (D:7)
  4 water moccasins
  8 orc warriors (Bailey)
  A black bear (D:7)
  An ice beast (D:9)
  4 slaves
  An eye of draining (D:7)
  2 necrophages
  A sky beast (D:6)
  2 ogres
  3 wolves (D:7)
  2 centaurs
  An elf zombie (D:7)
  A big kobold (D:8)
  15 bullfrogs
  An elf skeleton (D:7)
  A wyvern skeleton (D:6)
  3 scorpions
  6 killer bees (D:8)
  A wight (D:7)
  A howler monkey (D:6)
  2 bullfrog zombies
  4 crimson imps
  4 hounds
  A quasit (D:8)
  8 orc priests
  4 human zombies (D:7)
  2 jellies
  3 bullfrog skeletons
  2 centaur skeletons (D:8)
  A human skeleton (D:7)
  Ijyb (D:3)
  Natasha (thrice) (D:3)
  10 orc wizards
  4 worker ants
  3 hound zombies
  A hound skeleton (D:8)
  A mummy (D:7)
  A howler monkey zombie (D:5)
  6 gnolls
  2 worker ant zombies
  8 adders
  8 shadow imps
  An adder skeleton (D:5)
  4 worms
  4 dart slugs
  8 leopard geckos
  30 orcs
  7 giant cockroaches
  15 goblins
  7 hobgoblins
  2 jackals (D:7)
  9 kobolds
  3 quokkas
  7 ball pythons
  A bat (D:2)
  8 frilled lizards
  A jackal skeleton (D:4)
  A leopard gecko skeleton (D:4)
  An orc skeleton (D:7)
  7 rats
267 creatures vanquished.

Vanquished Creatures (others)
  A human (D:7)
  A rat (D:2)
2 creatures vanquished.

Grand Total: 269 creatures vanquished

Notes
Turn   | Place    | Note
-------+----------+-------------------------------------------
     0 | D:1      | letownia2 the Gargoyle Fighter began the quest for the Orb.
     0 | D:1      | Reached XP level 1. HP: 14/14 MP: 1/1
   109 | D:1      | Reached XP level 2. HP: 12/19 MP: 2/2
   289 | D:2      | Reached skill level 3 in Unarmed Combat
   414 | D:3      | Noticed Natasha
   423 | D:3      | Killed Natasha
   423 | D:3      | Reached XP level 3. HP: 13/23 MP: 3/3
   467 | D:3      | Noticed Natasha
   469 | D:3      | Killed Natasha
   469 | D:3      | Reached skill level 4 in Unarmed Combat
   469 | D:3      | Reached XP level 4. HP: 20/28 MP: 4/4
   481 | D:3      | Noticed Natasha
   500 | D:3      | Killed Natasha
   601 | D:3      | Found a glowing drain.
   644 | Sewer    | Entered a sewer
   823 | Sewer    | Reached XP level 5. HP: 31/32 MP: 5/5
  1015 | Sewer    | Reached skill level 5 in Unarmed Combat
  1382 | Sewer    | Reached XP level 6. HP: 29/39 MP: 6/6
  1613 | D:4      | Reached skill level 1 in Dodging
  1714 | D:4      | Found a staircase to the Ecumenical Temple.
  1722 | D:4      | Got an ancient hand axe
  1725 | Temple   | Entered the Ecumenical Temple
  1726 | Temple   | Identified the cursed +0 hand axe of the Lesser Evil {venom, Int+3} (You found it on level 4 of the Dungeon)
  1736 | Temple   | Became a worshipper of Gozag Ym Sagoz the Greedy
  1888 | D:4      | You fall through a shaft for 2 floors!
  1899 | D:6      | Reached skill level 6 in Unarmed Combat
  1899 | D:6      | Reached XP level 7. HP: 38/44 MP: 7/7
  2053 | D:6      | Reached skill level 7 in Unarmed Combat
  2405 | D:6      | Reached skill level 8 in Unarmed Combat
  2500 | D:5      | Entered Level 5 of the Dungeon
  2730 | D:6      | Reached XP level 8. HP: 46/48 MP: 8/8
  2837 | D:5      | Reached skill level 5 in Fighting
  2949 | D:5      | Noticed Pikel
  3062 | D:6      | Identified the Collected Works on Dislocated Intoxication
  4097 | D:4      | Found a sacrificial altar of Ru.
  4409 | D:3      | Noticed Ijyb
  4418 | D:3      | Killed Ijyb
  4917 | D:2      | Reached skill level 9 in Unarmed Combat
  5134 | D:2      | Noticed Sigmund
  5174 | D:2      | Killed Sigmund
  5964 | D:7      | Noticed Prince Ribbit
  5964 | D:7      | Reached XP level 9. HP: 56/56 MP: 9/9
  5974 | D:7      | Killed Prince Ribbit
  6135 | D:7      | Found Ciedocw's General Store.
  6215 | D:7      | Reached skill level 5 in Armour
  6293 | D:7      | Found an ancient bone altar of Kikubaaqudgha.
  6475 | D:7      | Noticed Menkaure
  6488 | D:7      | Killed Menkaure
  6488 | D:7      | Reached skill level 10 in Unarmed Combat
  6761 | D:5      | Killed Pikel
  6761 | D:5      | Reached XP level 10. HP: 65/65 MP: 10/10
  7111 | D:7      | Reached skill level 11 in Unarmed Combat
  7115 | D:7      | Found a basalt altar of Yredelemnul.
  7714 | D:8      | Noticed Gastronok
  7863 | D:8      | Noticed tidbits's ghost (novice OpAK)
  7869 | D:8      | Noticed Grum
  7923 | D:7      | Reached skill level 12 in Unarmed Combat
  8148 | D:7      | Killed Grum
  8204 | D:8      | Killed tidbits's ghost
  8256 | D:8      | Reached XP level 11. HP: 69/69 MP: 11/11
  8438 | D:8      | Reached skill level 13 in Unarmed Combat
  8571 | D:8      | Noticed Psyche
  8581 | D:8      | Killed Psyche
  9003 | D:9      | Reached skill level 1 in Evocations
  9138 | D:9      | Found a flagged portal.
  9235 | D:9      | Bought a scroll labeled KOTEMISOUN for 28 gold pieces
  9309 | Bailey   | Entered a bailey
  9645 | Bailey   | HP: 4/103 [orc warrior/bolt (9)]
  9650 | Bailey   | HP: 1/103 [cloud of steam (14)]
  9668 | Bailey   | Shot with a bolt by an orc warrior

Skill      XL: |  1  2  3  4  5  6  7  8  9 10 11 |
---------------+----------------------------------+-----
Unarmed Combat | 3 4 5 6 8 9 10 12 13 | 13.4
Fighting       | 4 6 8 |  8.7
Dodging        | 1 2 4 |  4.4
Armour         | 4 5 6 |  6.2
Evocations     | 1 |  1.3
Shields        | |  3.2

Action                   |  1- 3 |  4- 6 |  7- 9 | 10-12 || total
-------------------------+-------+-------+-------+-------++-------
Melee: Unarmed           |    74 |   124 |   500 |   500 ||  1198
       Punch             |     1 |     2 |    16 |    13 ||    32
 Fire: Arbalest          |       |       |       |    19 ||    19
Invok: Call Merchant     |       |       |       |     2 ||     2
Evoke: Wand              |       |     3 |       |     8 ||    11
       Sack of spiders   |       |     1 |       |     1 ||     2
  Use: Scroll            |       |     4 |       |     2 ||     6
       Potion            |       |       |       |     3 ||     3
 Stab: Paralysed         |       |     4 |       |     6 ||    10
       Distracted        |       |       |       |     4 ||     4
  Eat: Chunk             |       |     3 |     2 |     1 ||     6
       Ration            |       |       |     4 |     3 ||     7
Armor: Scale mail        |    22 |    64 |   194 |   225 ||   505
       Plate armour      |       |       |       |    83 ||    83
       Skin              |       |       |       |     8 ||     8
Dodge: Dodged            |    30 |    74 |   197 |   243 ||   544
